Map: Interloper LE

Players

SamuraiFunn - Winner!

  • Race: Protoss Protoss
  • Spawn Location: 11:00

A.I. 1 (Harder)

  • Race: Zerg Zerg
  • Spawn Location: 5:00

VOD

Have the link to the VOD?

Description

Time

  • Played on: Oct. 29, 2017, 8:16 p.m.
  • Length: 21:35
Show
View Real Time Build Order
Export as new Build Order

SamuraiFunn Protoss - Winner!

Build Orders:  

Get SALT Encoding   

  12  0:01  Probe (Chrono Boost)  
  14  0:14  Probe (Chrono Boost)  
  14  0:25  Probe (Chrono Boost)  
  15  0:28  Pylon  
  15  0:46  Probe (Chrono Boost)  
  16  0:50  Gateway  
  16  0:54  Assimilator  
  17  0:57  Probe (Chrono Boost)  
  17  1:07  Probe (Chrono Boost)  
  18  1:18  Probe (Chrono Boost)  
  19  1:28  Probe (Chrono Boost)  
  20  1:44  Probe (Chrono Boost)  
  20  1:45  Nexus  
  20  1:46  Zealot  
  23  1:50  Pylon  
  23  1:57  Assimilator  
  23  2:09  Probe (Chrono Boost)  
  23  2:14  Zealot  
  26  2:26  Probe (Chrono Boost)  
  27  2:37  Probe (Chrono Boost)  
  27  2:41  Zealot  
  29  2:51  Cybernetics Core  
  29  2:57  Pylon  
  29  3:02  Probe (Chrono Boost)  
  30  3:08  Probe (Chrono Boost)  
  30  3:12  Probe (Chrono Boost)  
  32  3:15  Zealot  
  34  3:30  Probe x2 (Chrono Boost)  
  36  3:36  Gateway  
  36  3:40  Gateway  
  36  3:44  Stargate  
  36  3:45  Stargate  
  36  3:46  Probe (Chrono Boost)  
  36  3:47  Probe (Chrono Boost)  
  38  3:49  Zealot  
  40  3:56  Twilight Council  
  40  4:08  Probe x2 (Chrono Boost)  
  42  4:11  Forge  
  42  4:16  Zealot  
  44  4:18  Probe (Chrono Boost)  
  45  4:29  Zealot x2  
  45  4:30  Probe x2 (Chrono Boost)  
  51  4:35  Pylon  
  51  4:45  Probe x2 (Chrono Boost)  
  53  4:58  Pylon  
  53  5:00  Void Ray  
  53  5:01  Void Ray  
  53  5:05  Protoss Ground Weapons Level 1  
  61  5:08  Protoss Air Weapons Level 1  
  61  5:10  Probe (Chrono Boost)  
  62  5:23  Pylon  
  62  5:29  Zealot x2  
  62  5:32  Probe x2 (Chrono Boost)  
  68  5:39  Nexus  
  68  5:46  Assimilator  
  68  5:50  Assimilator  
  68  5:55  Probe x2 (Chrono Boost)  
  70  6:01  Zealot x3  
  62  6:23  Void Ray  
  62  6:24  Void Ray  
  70  6:28  Zealot x2  
  70  6:29  Zealot  
  76  6:50  Gateway  
  76  6:55  Zealot  
  76  6:57  Pylon  
  76  7:00  Pylon  
  76  7:01  Zealot x2  
  82  7:02  Charge  
  82  7:06  Protoss Ground Armor Level 1  
  82  7:16  Void Ray  
  82  7:20  Probe x2 (Chrono Boost)  
  82  7:21  Probe (Chrono Boost)  
  89  7:38  Probe x3 (Chrono Boost)  
  89  7:40  Zealot  
  89  7:41  Zealot x2  
  98  7:45  Void Ray  
  98  7:50  Zealot  
  104  7:56  Stargate  
  104  8:08  Zealot x2  
  108  8:23  Nexus  
  108  8:26  Pylon  
  108  8:30  Pylon  
  108  8:34  Pylon  
  108  8:44  Zealot x4  
  116  9:00  Protoss Ground Weapons Level 2, Probe x3 (Chrono Boost)  
  119  9:04  Assimilator  
  119  9:08  Assimilator  
  119  10:09  Zealot x2  
  119  10:10  Zealot x2  
  119  11:01  Stalker  
  119  11:03  Stalker  
  117  11:08  Stalker  
  117  11:12  Stalker  
  117  11:23  Phoenix  
  117  11:25  Phoenix  
  117  11:26  Phoenix  
  117  11:30  Pylon  
  117  11:31  Pylon  
  117  11:33  Pylon  
  117  11:34  Pylon  
  117  11:36  Pylon  
  117  11:48  Stalker x3  
  117  11:52  Phoenix  
  117  11:53  Phoenix x2  
Show
View Real Time Build Order
Export as new Build Order

A.I. 1 (Harder) Zerg 

Build Orders: Pool First, Muta Ling Bane, Zergling Baneling 

Get SALT Encoding   

  12  0:00  Drone  
  13  0:12  Overlord  
  13  0:16  Drone  
  14  0:31  Drone x2  
  16  0:42  Spawning Pool  
  15  0:45  Drone  
  15  0:48  Drone  
  17  0:52  Extractor  
  17  0:56  Drone  
  17  1:06  Overlord  
  17  1:30  Queen  
  17  1:31  Zergling x2  
  20  1:34  Zergling x2  
  20  1:37  Roach Warren  
  20  1:38  Drone  
  21  1:42  Extractor  
  20  1:49  Drone  
  21  1:56  Baneling Nest  
  21  2:00  Drone  
  21  2:11  Drone  
  22  2:21  Zergling x2  
  23  2:32  Drone  
  23  2:37  Zergling x2, Overlord  
  24  2:40  Zergling x2  
  24  2:43  Baneling x3  
  24  2:44  Zergling x2  
  27  2:54  Drone  
  27  2:55  Baneling  
  28  3:02  Baneling  
  28  3:05  Zergling x2  
  29  3:07  Metabolic Boost  
  29  3:08  Zergling x2, Baneling  
  29  3:12  Zergling x2  
  31  3:17  Zergling x2  
  32  3:23  Overlord  
  32  3:28  Zergling x2  
  33  3:38  Zergling x2  
  34  3:41  Zergling x2  
  34  3:44  Zergling x2  
  34  3:47  Zergling x2  
  37  3:50  Baneling x3  
  37  3:52  Zergling x2  
  38  3:56  Baneling  
  38  4:01  Baneling  
  39  4:02  Zergling x2  
  39  4:05  Baneling  
  39  4:12  Zergling x2, Drone  
  41  4:17  Overlord  
  41  4:21  Drone  
  42  4:25  Drone  
  43  4:36  Drone  
  43  4:37  Evolution Chamber  
  43  4:43  Drone  
  43  4:44  Drone  
  45  4:46  Drone  
  46  5:35  Lair  
  46  5:38  Overlord  
  46  5:44  Hatchery  
  45  5:58  Drone  
  46  6:04  Zerg Melee Weapons Level 1  
  46  6:11  Baneling  
  36  6:27  Baneling  
  36  6:34  Spire  
  35  6:48  Burrow  
  35  6:53  Baneling  
  35  6:57  Baneling, Drone x2  
  35  6:58  Drone x5  
  35  6:59  Drone x2  
  44  7:02  Extractor  
  44  7:05  Drone  
  44  7:10  Drone  
  44  7:13  Drone  
  46  7:16  Drone  
  46  7:18  Drone  
  46  7:20  Drone  
  46  7:22  Drone  
  50  7:24  Drone  
  50  7:26  Drone  
  50  7:28  Drone  
  53  7:33  Overlord  
  53  7:35  Drone  
  54  7:37  Drone  
  54  7:39  Drone  
  56  7:45  Drone  
  56  7:47  Centrifical Hooks  
  56  7:50  Drone  
  58  7:53  Overlord, Mutalisk  
  58  7:54  Drone  
  61  7:58  Zerg Ground Armor Level 1  
  61  7:59  Mutalisk  
  63  8:06  Mutalisk  
  63  8:12  Mutalisk  
  65  8:13  Extractor  
  65  8:17  Spore Crawler  
  65  8:19  Mutalisk  
  67  8:20  Spore Crawler  
  67  8:22  Spore Crawler  
  67  8:25  Mutalisk  
  67  8:26  Spore Crawler  
  66  8:28  Queen  
  66  8:32  Mutalisk  
  70  8:34  Queen  
  70  8:36  Drone x2, Overlord  
  70  8:38  Mutalisk  
  76  8:42  Infestation Pit  
  75  8:58  Spine Crawler  
  75  8:59  Drone  
  75  9:03  Spine Crawler  
  75  9:05  Drone  
  75  9:09  Drone, Spine Crawler  
  75  9:14  Drone, Spine Crawler  
  75  9:22  Evolution Chamber  
  75  9:23  Drone, Hive  
  75  9:26  Overseer, Hydralisk Den  
  75  9:28  Drone  
  75  9:40  Overseer  
  75  9:49  Roach, Overlord  
  77  9:54  Infestor  
  77  9:58  Hatchery  
  78  10:00  Infestor  
  78  10:06  Roach  
  82  10:12  Roach, Overlord  
  84  10:17  Infestor  
  84  10:23  Infestor  
  80  10:28  Hydralisk  
  80  10:29  Hydralisk x3  
  80  10:31  Hydralisk  
  84  10:36  Hydralisk  
  84  10:39  Hydralisk  
  73  10:43  Roach  
  73  10:48  Drone  
  65  10:52  Drone  
  63  11:00  Drone  
  63  11:01  Drone  
  47  11:07  Drone, Hatchery  
  31  11:17  Drone  
  31  11:18  Drone  
Tags
 
Add a new tag
Caveats
  • Supply blocks, unpowered buildings, or Contaminate may cause inaccurate times.
  • Supply counts are checked every 10 seconds.